 Dungeon Crawl Stone Soup version 0.32-a0-411-g744942f433 (webtiles) character file.

Game seed: 16556494980400203617

1 Bravepunisher the Ducker (level 1, -6/11 HPs)
             Began as a Spriggan Monk on Feb 21, 2024.
             Mangled by a gnoll
             ... wielding a +0 flail
              (13 damage)
             ... on level 4 of the Dungeon.
             The game lasted 00:00:48 (71 turns).

Bravepunisher the Ducker (Spriggan Monk)              Turns: 71, Time: 00:00:49

Health: -6/11      AC:  2    Str:  7    XL:     1   Next: 16%
Magic:  2/2        EV: 18    Int: 11    God:
Gold:   0          SH:  0    Dex: 17    Spells: 0/0 levels left

rFire   . . .        a - +0 short sword
rCold   . . .        (no shield)
rNeg    . . .        b - +0 robe
rPois   .            (helmet restricted)
rElec   .            (no cloak)
rCorr   .            (gloves unavailable)
SInv    +            (boots unavailable)
Will    .....        (no amulet)
Stlth   ++           (no ring)
HPRegen 0.21/turn    (no ring)
MPRegen 0.08/turn

%: no passive effects
@: slowed, quick
A: very small, no large weapons, unfitting armour, see invisible, speed 3
a: no special abilities


You were on level 4 of the Dungeon.
You visited 1 branch of the dungeon, and saw 5 of its levels.

Inventory:

Hand Weapons
 a - a +0 short sword (weapon)
Armour
 b - a +0 robe (worn)
Potions
 c - a potion of ambrosia


   Skills:
 + Level 2.4 Fighting
 - Level 3.2 Short Blades
 * Level 4.1 Dodging


You couldn't memorise any spells.
You didn't know any spells.
Your spell library was empty.

Dungeon Overview and Level Annotations

Branches:
Dungeon (5/15)
 Temple: D:4-7

Altars:

Annotations:
D:3 Natasha


Innate Abilities, Weirdness & Mutations

You are very small and have problems with some larger weapons.
You are too small for most types of armour.
You have supernaturally acute eyesight. (SInv)
You cover ground extremely quickly. (Speed+++)


Message History

You climb downwards.
Found a scroll labelled HECSEDGHOTE and a cyan potion.
There is a stone staircase leading up here.
Natasha attacks as she pursues you! Natasha claws you.
Natasha casts a spell at you.
You feel as though you will be slow longer.
Found a scroll labelled CUSUZE TOINA.
Found 17 gold pieces.
Natasha wildly gestures.
Natasha shimmers violently.
There is a shaft here.
You fall into a shaft and drop 1 floor!
The shaft crumbles and collapses.
You hear the sound of rushing water.
There is an entrance to a sewer on this level.
Hurry and find it before the portal rusts away!
Found a stone staircase leading up and a stone staircase leading down.
There is a stone staircase leading down here.
You climb downwards.
The iguana hisses angrily.
Found 11 gold pieces.
Found a stone staircase leading down.
There is a stone staircase leading up here.
You climb upwards.
You hear the sound of rushing water.
There is an entrance to a sewer on this level.
Hurry and find it before the portal rusts away!
There is a stone staircase leading down here.
HP restored. 2 gnolls come into view.
The gnoll shouts!
You hear a shout!
A gnoll comes into view. It is wielding a +0 flail.
You aren't carrying any scrolls.
Okay, then.
A gnoll comes into view. It is wielding a +0 club.
Sorry, you're not good enough to have a special ability.
You closely miss the gnoll. The gnoll hits you with a +0 flail.
The gnoll shouts! x2
You hit the gnoll.
The gnoll is moderately wounded.
The gnoll hits you with a +0 flail!
Ouch! That really hurt!
You die...

#....<.>.....#
##...........#
#########g.##
##.## #.g#
##.## #g.#
##g## #@.#
##.## #..#
#.## ###


You could see 4 gnolls.

Vanquished Creatures
  A rat (D:2)
1 creature vanquished.

Notes
Turn   | Place    | Note
-------+----------+-------------------------------------------
     0 | D:1      | Bravepunisher the Spriggan Monk began the quest for the
                  | Orb.
     0 | D:1      | Reached XP level 1. HP: 11/11 MP: 2/2
    21 | D:2      | Noticed Natasha
    43 | D:3      | You fall into a shaft and drop 1 floor!
    50 | D:5      | Entered Level 5 of the Dungeon
    50 | D:5      | Noticed an iguana
    71 | D:4      | Mangled by a gnoll

Illustrated notes

Levels and vault maps discovered:
D:1:      ebering_trefoil_twist, layout_basic, ebering_ecumenical_altar_box
D:2:      layout_basic, uniq_natasha
D:3:      layout_basic, supply_closet_lemuel, small_statue_intersection
D:4:      layout_cave_pods, gammafunk_temple_overflow_pools,
          cheibrodos_sewer_entry_drain, minmay_vboxes, uniq_ijyb
D:5:      layout_rooms, nicolae_underground_beach

Action                     || total
---------------------------++-------
  Melee: Short sword       ||     3
 Armour: Robe              ||     3

Table legend: (Time is in decaauts)
 A = Elapsed time spent in this place.
 B = Non-inter-level travel time spent in this place.
 C = Inter-level travel time spent in this place.
 D = Time resting spent in this place.
 E = Time spent auto-exploring this place.
 F = Levels seen in this place.
 G = Mean time per level.
                   A        B        C        D        E       F      G
               +--------+--------+--------+--------+--------+-----+--------+
         Total |     63 |     63 |      0 |      0 |      3 |   5 |   12.6 |
       Dungeon |     63 |     63 |      0 |      0 |      3 |   5 |   12.6 |
               +--------+--------+--------+--------+--------+-----+--------+

Top non-repeatable levels by time:
     D:4: 26 daAuts
     D:3: 12 daAuts
     D:1: 11 daAuts
     D:2: 9 daAuts
     D:5: 2 daAuts
